 Dungeon Crawl Stone Soup version 0.20-a0-791-gf6451d4 (webtiles) character file.

202 Espgualade the Conjurer (level 5, -1/33 HPs)
             Began as a Tengu Ice Elementalist on Feb 28, 2017.
             Was a Follower of Vehumet.
             Killed from afar by an orc wizard (8 damage)
             ... with a puff of flame
             ... on level 3 of the Dungeon.
             The game lasted 00:10:17 (3840 turns).

Espgualade the Conjurer (Tengu Ice Elementalist)    Turns: 3840, Time: 00:10:19

Health: -1/33      AC:  3    Str:  8    XL:     5   Next: 80%
Magic:  7/9        EV: 12    Int: 17    God:    Vehumet [*.....]
Gold:   145        SH:  0    Dex: 14    Spells: 2/8 levels left

rFire    . . .     SeeInvis .   h - +0 mace
rCold    . . .     Gourm    .   a - +1 robe
rNeg     . . .     Faith    .   (no shield)
rPois    .         Spirit   .   (helmet restricted)
rElec    .         Reflect  .   (no cloak)
rCorr    .         Harm     .   (no gloves)
MR       .....                  (boots unavailable)
Stlth    ++........             (no amulet)
Regen    0.2/turn               (no ring)
MPRegen  0.2/turn               (no ring)

@: no status effects
A: beak, talons 3, able to fly 1
a: Fly, Renounce Religion


You were on level 3 of the Dungeon.
You worshipped Vehumet.
Vehumet was aware of your devotion.
You were not hungry.

You visited 1 branch of the dungeon, and saw 4 of its levels.

You collected 145 gold pieces.

Inventory:

Hand Weapons
 h - a +0 mace (weapon)
 j - a +2 dagger of draining
Armour
 a - a +1 robe (worn)
Wands
 x - a wand of iceblast (15/15)
Scrolls
 d - a scroll of enchant armour
 k - 3 scrolls of identify
 o - 2 scrolls of recharging
 v - a scroll of blinking
Potions
 e - a potion of curing
 f - a potion of resistance {unknown}
 g - a potion of agility
 n - a potion of degeneration {unknown}
 q - a potion of flight
 r - 2 potions of invisibility {unknown}
 s - a potion of brilliance {unknown}
 t - 2 potions of ambrosia
 u - a potion of lignification
Books
 b - a book of Frost

   Spells                             Type                      Level
   a - Freeze                         Ice                          1
   b - Throw Frost                    Conjuration/Ice              2
   c - Ozocubu's Armour               Charms/Ice                   3
   d - Throw Icicle                   Conjuration/Ice              4
   e - Summon Ice Beast               Ice/Summoning                4
Comestibles
 c - 2 bread rations
 i - 5 meat rations
 m - 2 royal jellies


   Skills:
 - Level 4.1 Fighting
 + Level 2.2 Dodging
 - Level 2.0 Stealth
 - Level 2.0 Spellcasting
 + Level 4.5 Conjurations
 - Level 2.6 Ice Magic


You had 2 spell levels left.
You knew the following spells:

 Your Spells              Type           Power        Failure   Level  Hunger
a - Freeze                Ice            ##..         10%         1    #......
b - Throw Frost           Conj/Ice       ##....       10%         2    ###....
c - Ozocubu's Armour      Chrm/Ice       #.......     38%         3    ###....


Dungeon Overview and Level Annotations

Branches:
Dungeon (4/15)
 Temple: D:4-7

Altars:
Ashenzari
Dithmenos
Elyvilon
Kikubaaqudgha
Qazlal
Ru
Vehumet


Innate Abilities, Weirdness & Mutations

You have a beak for a mouth.
You have claws for feet.
You can fly.


Message History

The orc closely misses you.
Casting: Freeze
Confirm with . or Enter, or press ? or * to list all spells.
Aiming: Freeze
Press: ? - help, Shift-Dir - straight line, f/p - orc
Aim: an orc, wielding a dagger and wearing a chain mail (severely wounded)
You freeze the orc.
You kill the orc!
Vehumet accepts your kill.
An orc priest comes into view. It is wielding a whip.
An orc and an orc wizard come into view.
An orc comes into view. It is wielding an enchanted flail.
There are monsters nearby!
The orc priest shouts!
The orc priest invokes the aid of Beogh against you.
Beogh smites you!
* * * LOW HITPOINT WARNING * * *
The orc wizard points at you and mumbles some strange words.
The puff of flame hits you!
You die...

# #........#######.... #
#.oo...o.##((.)(.... #
#......>....####.... ##
#....o.#########.... .####
#<....##...#...##... ....#####
####.....##.##.##.###..
###.....###...#.....##.##.##._###
# #####.##.........#.##(##.#####
######.........@..##..###..##.#
#..................#########.###
#..............>...####.# #..<.#
#......).......)..###...# ##...#
#............#.....##.#.######..
######..#...###...........# ##. #
##...#..#..........#.# ##[ #
###.##..............####.. #
#.###...............†..#


You could see an orc priest, an orc wizard and 2 orcs.

Vanquished Creatures
  4 gnolls (D:3)
  A howler monkey skeleton (D:4)
  7 adders
  An adder skeleton (D:4)
  4 worms
  2 dart slugs (D:1)
  2 leopard geckos
  5 orcs (D:3)
  8 bats
  2 giant cockroaches (D:1)
  4 hobgoblins
  8 jackals
  7 kobolds
  6 frilled lizards
  7 goblins
  6 rats
74 creatures vanquished.

Notes
Turn   | Place    | Note
-------+----------+-------------------------------------------
     0 | D:1      | Espgualade the Tengu Ice Elementalist began the quest for the Orb.
     0 | D:1      | Reached XP level 1. HP: 10/10 MP: 4/4
    50 | D:1      | Reached skill level 1 in Fighting
   259 | D:1      | Reached XP level 2. HP: 13/16 MP: 0/6
   950 | D:1      | Reached XP level 3. HP: 22/22 MP: 7/7
  1077 | D:1      | Learned a level 2 spell: Throw Frost
  1081 | D:1      | Learned a level 3 spell: Ozocubu's Armour
  1117 | D:2      | Found a stormy altar of Qazlal.
  1613 | D:2      | Found a sacrificial altar of Ru.
  1647 | D:2      | Found a white marble altar of Elyvilon.
  1787 | D:2      | Reached XP level 4. HP: 21/28 MP: 2/8
  1876 | D:2      | Found an ancient bone altar of Kikubaaqudgha.
  1877 | D:2      | Found a shattered altar of Ashenzari.
  2348 | D:3      | Found a radiant altar of Vehumet.
  2353 | D:3      | Became a worshipper of Vehumet
  2941 | D:3      | Gained mutation: You can fly. [Tengu growth]
  2941 | D:3      | Reached XP level 5. HP: 33/33 MP: 5/9
  3038 | D:3      | HP: 1/33 [gnoll/spear (8)]
  3046 | D:3      | HP: 2/49 [gnoll (2)]
  3313 | D:3      | Reached * piety under Vehumet
  3313 | D:3      | Offered knowledge of Magic Dart by Vehumet.
  3350 | D:3      | Noticed an ogre
  3452 | D:4      | Found a shadowy altar of Dithmenos.
  3624 | D:4      | Noticed an ogre
  3803 | D:4      | Noticed an ogre
  3840 | D:3      | Killed from afar by an orc wizard

Vault maps used:
D:1:      dpeg_arrival_central, corexii_corridor_pit, interstate_on_off
D:2:      lemuel_doored_altar, lemuel_coloured_pillars_altar,
          lemuel_round_altar, gammafunk_temple_overflow_statue
D:3:      marbit_many_paths, first_bread
D:4:      nicolae_dithmenos_shadow_blocks, minmay_tree_intersection,
          grunt_ministairs_8, nemelex_dance_club_becter

Skill      XL: |  1  2  3  4  5 |
---------------+----------------+-----
Fighting       | 1 2 3 4 |  4.1
Conjurations   | 2 4 |  4.5
Dodging        | |  2.2
Stealth        | |  2.0
Spellcasting   | |  2.0
Ice Magic      | |  2.6

Action                   |  1- 3 |  4- 6 || total
-------------------------+-------+-------++-------
Melee: Unarmed           |     3 |       ||     3
       Mace              |    63 |   101 ||   164
       Peck              |     6 |    13 ||    19
       Kick              |     9 |    15 ||    24
 Cast: Freeze            |    23 |    32 ||    55
       Throw Frost       |       |     3 ||     3
  Use: Scroll            |       |     7 ||     7
       Potion            |       |     4 ||     4
 Stab: Sleeping          |     2 |     1 ||     3
  Eat: Chunk             |     2 |     4 ||     6
       Bread ration      |       |     1 ||     1
Armor: Robe              |    14 |    13 ||    27
       Skin              |       |    30 ||    30
Dodge: Dodged            |    66 |   103 ||   169
